AoeStats
← jhgomez13

Arabia

510624584Analyzed
1v1 RM · 11h ago on Oct 1, 2026· 82m 46s· 2 players
Game mode
Random Map
Map size
Tiny (2 player)
Population
200
Speed
Normal
Resources
Standard
Victory
Conquest
Starting age
Dark Age
Ending age
Imperial Age
RankedLock teamsTeams togetherTeam positionsShared explorationLock speedFull tech treeHidden civsTurbo modeCheats
Victory
Defeat
🇦🇷 Franks · Argentina
897
+15
🇨🇴 Mongols · Colombia
872
-15
jhgomez13
7:38 Loom
11:54 Feudal Age
16:04 Fletching
16:37 Town Watch
19:10 Wheelbarrow
24:56 Castle Age
23:05 Scale Barding Armor
23:26 Gold Mining
24:09 Forging
23:52 Double-Bit Axe
24:00 Stone Mining
23:52 Horse Collar
25:31 Bloodlines
27:40 Bodkin Arrow
28:50 Husbandry
34:31 Iron Casting
40:10 Imperial Age
40:44 Cavalier
41:55 Chain Barding Armor
48:24 Town Patrol
48:40 Hand Cart
51:16 Squires
50:36 Pikeman
51:56 Man-at-Arms
54:53 Man-at-Arms
56:00 Conscription
56:54 Scale Mail Armor
56:25 Long Swordsman
73:27 Light Cavalry
Valencasla25
10:17 Feudal Age
10:45 Double-Bit Axe
17:47 Wheelbarrow
21:02 Castle Age
19:59 Loom
20:11 Fletching
21:43 Scale Barding Armor
21:58 Stone Mining
22:25 Bodkin Arrow
22:45 Gold Mining
23:04 Town Watch
23:45 Bow Saw
26:49 Husbandry
27:08 Hand Cart
27:00 Padded Archer Armor
27:50 Forging
28:00 Fervor
27:20 Light Cavalry
28:20 Leather Archer Armor
27:51 Elite Skirmisher
29:50 Sanctity
30:11 Iron Casting
31:04 Gold Shaft Mining
33:12 Chain Barding Armor
38:02 Imperial Age
36:00 Town Patrol
36:57 Scale Mail Armor
37:29 Devotion
38:09 Ballistics
38:04 Treadmill Crane
39:15 Conscription
38:28 Cavalier
40:51 Plate Barding Armor
41:40 Murder Holes
42:47 Chemistry
41:59 Masonry
43:50 Blast Furnace
45:05 Chivalry
46:29 Architecture
47:30 Chain Mail Armor
46:39 Pikeman
48:05 Halberdier
49:41 Plate Mail Armor
56:16 Gambesons
56:32 Squires
61:15 Hoardings
80:22 Arson
83:37 Faith
Connection lost

Rejoining the realm…

Still unreachable

The connection could not be restored.

Session expired

The server has moved on; the page needs a fresh start.